 Dungeon Crawl Stone Soup version 0.29.1-15-g9cfb28693d (webtiles) character file.

Game seed: 7620401170242485559

295 GigaChad the Chopper (level 6, -3/51 HPs)
             Began as a Minotaur Gladiator on Mar 11, 2023.
             Slain by Edmund
             ... wielding a +4 flail of protection
              (9 damage)
             ... on level 4 of the Dungeon.
             The game lasted 00:03:29 (2779 turns).

GigaChad the Chopper (Minotaur Gladiator)           Turns: 2779, Time: 00:03:29

Health: -3/51      AC:  8    Str: 27    XL:     6   Next: 11%
Magic:  5/5        EV: 16    Int:  5    God:
Gold:   212        SH:  0    Dex: 11    Spells: 5/5 levels left

rFire   . . .      SeeInvis .   a - +0 war axe
rCold   . . .      Faith    .   (no shield)
rNeg    . . .      Spirit   .   l - +3 ring mail
rPois   .          Reflect  .   c - +0 hat
rElec   .          Harm     .   (no cloak)
rCorr   .          Rampage  .   (no gloves)
Will    .....                   (no boots)
Stlth   +.........              (no amulet)
HPRegen 0.17/turn               g - +6 ring of strength
MPRegen 0.09/turn               p - +4 ring of evasion

@: no status effects
A: horns 2, retaliatory headbutt
a: no special abilities


You were on level 4 of the Dungeon.
You visited 1 branch of the dungeon, and saw 4 of its levels.

You collected 212 gold pieces.

Inventory:

Hand Weapons
 a - a +0 war axe (weapon)
Missiles
 d - 4 throwing nets (quivered)
 e - a javelin
Armour
 b - a +0 leather armour
 c - a +0 hat (worn)
 l - a +3 ring mail (worn)
Jewellery
 g - a +6 ring of strength (left hand)
 p - a +4 ring of evasion (right hand)
 t - a +6 ring of strength
Scrolls
 f - a scroll of silence {unknown}
 j - 2 scrolls of butterflies
 k - 2 scrolls of poison
 n - 3 scrolls of identify
 q - a scroll of magic mapping {unknown}
 r - a scroll of vulnerability {unknown}
 s - a scroll of teleportation {unknown}
 u - a scroll of fear {unknown}
Potions
 h - 2 potions of might {unknown}
 i - 2 potions of attraction {unknown}
 m - a potion of lignification {unknown}
 o - a potion of curing {unknown}


   Skills:
 + Level 3.1 Fighting
 + Level 6.2 Axes
 + Level 2.3 Throwing
 + Level 2.9 Armour
 + Level 4.5 Dodging
 + Level 0.5 Stealth


You had 5 spell levels left.
You didn't know any spells.
Your spell library was empty.

Dungeon Overview and Level Annotations

Branches:
Dungeon (4/15)
 Temple: D:4-7

Altars:

Annotations:
D:4 Edmund


Innate Abilities, Weirdness & Mutations

You have a pair of horns on your head.
You reflexively headbutt those who attack you in melee.


Message History

The gnoll closely misses you. The gnoll completely misses you.
Edmund hits you with a +4 flail of protection.
The gnoll barely misses you.
You slash Edmund!
Edmund is moderately wounded.
You hit the gnoll.
You kill the gnoll!
The gnoll completely misses you.
The gnoll hits you from afar with a +0 spear.
Edmund hits you with a +4 flail of protection.
* * * LOW HITPOINT WARNING * * *
You slash Edmund!
Edmund is heavily wounded.
The gnoll misses you. x2; Edmund closely misses you.
The gnoll hits you from afar with a +0 spear.
* * * LOW HITPOINT WARNING * * *
Edmund closely misses you. You furiously retaliate!
You headbutt Edmund! The gnoll barely misses you.
You hit Edmund but do no damage.
Edmund is almost dead.
The gnoll misses you. The gnoll barely misses you. Edmund closely misses you.
You hit Edmund but do no damage. You headbutt Edmund, but do no damage.
You punch Edmund.
Edmund is almost dead.
Edmund hits you with a +4 flail of protection.
* * * LOW HITPOINT WARNING * * *
The gnoll hits you but does no damage. The gnoll closely misses you.
You closely miss Edmund.
Edmund is almost dead.
The gnoll hits you but does no damage. Edmund closely misses you.
The gnoll hits you but does no damage.
You barely miss Edmund.
Edmund is almost dead.
The gnoll misses you. The gnoll closely misses you. Edmund closely misses you.
Unknown command.
You hit Edmund.
Edmund is almost dead.
The gnoll hits you but does no damage. The gnoll barely misses you.
Edmund hits you with a +4 flail of protection!
You die...

## ##.
#..##..#########.
..#.............
!..............
#.............
#.............
#.............
#...)g.......
##.@@g.#.....
####)## ###
.#####...#
.........#
.........#
....#....#########
....#.....##.....##
..................##
...................#


You could see Edmund and 2 gnolls.

Vanquished Creatures
  Terence (D:2)
  An iguana (D:4)
  Natasha (thrice) (D:2)
  3 adders
  9 gnolls
  2 dart slugs
  An orc (D:4)
  4 bats
  6 endoplasms
  2 giant cockroaches
  3 goblins
  5 hobgoblins
  A quokka (D:2)
  5 ball pythons
  2 frilled lizards
  6 kobolds
  7 rats
  2 toadstools (D:4)
63 creatures vanquished.

Vanquished Creatures (others)
  5 fungi (D:4)
  31 plants (D:3)
  3 toadstools (D:4)
39 creatures vanquished.

Grand Total: 102 creatures vanquished

Notes
Turn   | Place    | Note
-------+----------+-------------------------------------------
     0 | D:1      | GigaChad the Minotaur Gladiator began the quest for the
                  | Orb.
     0 | D:1      | Reached XP level 1. HP: 18/18 MP: 0/0
   253 | D:1      | Reached XP level 2. HP: 25/25 MP: 1/1
   422 | D:1      | Reached skill level 4 in Axes
   740 | D:2      | Noticed Natasha
   744 | D:2      | Killed Natasha
   745 | D:2      | Reached XP level 3. HP: 30/30 MP: 2/2
   808 | D:2      | Noticed Natasha
   816 | D:2      | Killed Natasha
   817 | D:2      | Reached skill level 1 in Armour
   817 | D:2      | Reached XP level 4. HP: 34/37 MP: 3/3
   918 | D:2      | Reached skill level 5 in Axes
   919 | D:2      | Noticed Natasha
   925 | D:2      | Killed Natasha
   926 | D:2      | Reached XP level 5. HP: 22/42 MP: 4/4
  1303 | D:2      | Noticed Terence
  1312 | D:2      | Killed Terence
  2096 | D:3      | Found a faded altar of an unknown god.
  2140 | D:3      | Reached skill level 6 in Axes
  2465 | D:4      | Reached XP level 6. HP: 3/51 MP: 5/5
  2760 | D:4      | Noticed Edmund
  2779 | D:4      | Slain by Edmund

Illustrated notes

Levels and vault maps discovered:
D:1:      erik_arrival_blinker_ship, layout_loops_ring, kennysheep_doodads
D:2:      layout_basic, uniq_terence, uniq_natasha
D:3:      layout_loops_ring, shapermc_ecumenical_altar_totnotflames,
          corexii_item_surrounded_by_moat, serial_bayou_lagoon_a,
          kennysheep_crisscross
D:4:      layout_rooms, mainiacjoe_overflow_small_starburst,
          nicolae_ossuary_entry_catacombs, minmay_gold_behind_fungi,
          guppyfry_early_lair_pool, uniq_edmund

Skill      XL: |  1  2  3  4  5 |
---------------+----------------+-----
Axes           | 4 5 6 |  6.2
Armour         | 1 2 |  2.9
Dodging        | 4 |  4.5
Fighting       | 3 |  3.1
Throwing       | |  2.3
Stealth        | |  0.5

Action                   |  1- 3 |  4- 6 || total
-------------------------+-------+-------++-------
Melee: War axe           |    38 |    74 ||   112
       Headbutt          |     2 |    10 ||    12
       Punch             |       |     4 ||     4
  Use: Scroll            |     2 |     1 ||     3
 Stab: Sleeping          |     1 |       ||     1
Armor: Leather armour    |    16 |       ||    16
       Ring mail         |     4 |    21 ||    25
Dodge: Dodged            |    29 |    83 ||   112
